 Dungeon Crawl Stone Soup version 0.29.0-5-ge4962eb29e (webtiles) character file.

Game seed: 16177398899977908935

53625 browni3141 the Bringer of Law (level 15, -33/121 HPs)
             Began as a Meteoran Delver on Aug 29, 2022.
             Was the Champion of Zin.
             Annihilated by an alligator snapping turtle (37 damage)
             ... on level 1 of the Shoals.
             The game lasted 01:19:30 (9936 turns).

browni3141 the Bringer of Law (Meteoran Delver)     Turns: 9936, Time: 01:19:30

Health: -33/121    AC: 17    Str: 15    XL:     15   Next: 51%
Magic:  4/26       EV: 12    Int: 18    God:    Zin [******]
Gold:   816        SH:  0    Dex: 17    Spells: 14/28 levels left

rFire   . . .      SeeInvis .   a - +1 war axe (freeze)
rCold   . . .      Faith    .   (no shield)
rNeg    . . .      Spirit   .   o - +2 swamp dragon scales {@f3}
rPois   +          Reflect  .   W - +2 hat
rElec   .          Harm     .   P - +2 cloak {rCorr}
rCorr   +          Rampage  .   i - +0 pair of gloves
Will    +....                   U - +0 pair of boots
Stlth   ++........              g - amulet of regeneration
HPRegen 1.10/turn               z - ring of wizardry
MPRegen 0.20/turn               Z - ring of wizardry

@: engulfed (cannot breathe), glowing
A: sense surroundings 2, otherworldly, glowing, explore regen, camouflage 1
a: Renounce Religion, Recite, Vitalisation, Imprison, Sanctuary, Donate Gold


You were on level 1 of the Shoals.
You worshipped Zin.
Zin was exalted by your worship.
You visited 4 branches of the dungeon, and saw 20 of its levels.
You also visited: Sewer.

You collected 1184 gold pieces.
You spent 247 gold pieces at shops.
You donated 121 gold pieces to Zin.


Innate Abilities, Weirdness & Mutations

You passively map the area around you.
You are easily found by Zot.
You glow in the dark.
You regain HP and MP as you explore.
Your skin changes colour to match your surroundings (Stealth+).


   Skills:
 - Level 8.0 Fighting
 - Level 11.5 Axes
 - Level 4.0 Armour
 - Level 3.0 Dodging
 - Level 4.0 Stealth
 - Level 10.0 Shields
 - Level 7.0 Spellcasting
 - Level 10.0 Conjurations
 - Level 3.7 Transmutations
 - Level 6.0 Fire Magic
 * Level 14.0 Ice Magic
 - Level 4.0 Earth Magic
 - Level 14.0 Invocations
 - Level 2.0 Evocations


You had 14 spell levels left.
You knew the following spells:

 Your Spells              Type           Power      Damage    Failure   Level
c - Ozocubu's Refrigerat  Ice            27%        4d13      14%         7
w - Stone Arrow           Conj/Erth      62%        3d10      1%          3
y - Sticky Flame          Conj/Fire      35%        2d5       2%          4

Your spell library contained the following spells:

 Spells                   Type           Power      Damage    Failure   Level
 Sandblast                Erth           40%        2d10      1%          1
 Ensorcelled Hibernation  Hex/Ice        62%        N/A       1%          2
 Passwall                 Tmut/Erth      16%        N/A       1%          2
 Static Discharge         Conj/Air       24%        3-6/arc   1%          2
 Ozocubu's Armour         Ice            54%        N/A       1%          3
 Spider Form              Tmut/Pois      13%        N/A       8%          3
 Irradiate                Conj/Tmut      15%        3d16      9%          5
 Gell's Gravitas          Tloc           6%         N/A       16%         3
 Lesser Beckoning         Tloc           6%         N/A       16%         3
 Teleport Other           Tloc           6%         N/A       16%         3
 Tukima's Dance           Hex            6%         N/A       16%         3
 Blade Hands              Tmut           9%         N/A       28%         5
 Anguish                  Hex/Necr       3%         N/A       43%         4
 Dispel Undead            Necr           6%         3d8       43%         4
 Passage of Golubria      Tloc           6%         N/A       43%         4
 Yara's Violent Unravell  Hex/Tmut       6%         3d5       52%         5
 Dragon Form              Tmut           9%         N/A       100%        7

Inventory:

Hand Weapons
 a - a +1 war axe of freezing (weapon)
 K - a +0 hand axe
Missiles
 e - 3 curare-tipped darts {@f4}
 p - 21 poisoned darts {@f3}
 v - 2 throwing nets
Armour
 h - a +0 helmet
 i - a +0 pair of gloves (worn)
 o - +2 swamp dragon scales (worn) {@f3}
 M - a +0 buckler
 P - a +2 cloak of preservation (worn)
 S - a +0 kite shield
 U - a +0 pair of boots (worn)
 V - a +0 tower shield
 W - a +2 hat (worn)
Magical Staves
 b - a staff of poison {@f3}
 A - a staff of fire
Jewellery
 g - an amulet of regeneration (around neck)
 z - a ring of wizardry (left hand)
 C - a ring of protection from cold
 F - a ring of fire
 H - an amulet of faith {!P}
 T - an amulet of the acrobat
 Y - a +4 ring of slaying
 Z - a ring of wizardry (right hand)
Wands
 y - a wand of digging (5)
 I - a wand of mindburst (4)
 N - a wand of flame (50)
 O - a wand of paralysis (13)
Scrolls
 c - 6 scrolls of fog {@r5}
 f - 5 scrolls of magic mapping
 k - 2 scrolls of silence {!r}
 l - 2 scrolls of teleportation {@r4}
 q - 2 scrolls of amnesia
 r - 5 scrolls of immolation {!r}
 t - a scroll of poison {@f3}
 w - 3 scrolls of vulnerability {!r}
 E - a scroll of noise {!r}
 X - a scroll of torment {!r}
Potions
 d - 3 potions of might {unknown}
 j - 4 potions of berserk rage {unknown}
 m - 8 potions of mutation {!q}
 n - 4 potions of magic
 s - 5 potions of curing {@q1}
 u - 2 potions of lignification {unknown}
 x - a potion of cancellation
 B - 5 potions of ambrosia {unknown}
 D - 6 potions of heal wounds {unknown}
 G - 2 potions of degeneration {unknown}
 J - 4 potions of haste {@q3}
 L - a potion of attraction {unknown}
 Q - 6 potions of brilliance {unknown}
 R - a potion of invisibility {unknown}

Dungeon Overview and Level Annotations

Branches:
Dungeon (11/15) Zot: 561   Temple (0/1) D:7            Lair (5/5) D:11 Zot: 445
 Shoals (2/4) Lair:3 Zot: 690  Spider (0/4) Lair:2          Orc (2/2) D:9 Zot: 688
  Sewer (visited)
  Slime: Lair:4-5       Elf: Orc:2

Altars:
Cheibriados
Dithmenos
Fedhas
Okawaru
Trog
Uskayaw
Wu Jian
Xom
Zin

Shops:
D:3 [   D:9 [   Orc:2 :

Annotations:
D:3 1 runed translucent door, nickcage's ghost, weakling MiGl

~~ ,......~~~~~~~~~~..~..~~≈≈
~ ......~~~~~~~~~~~~~P..~~~ ~
,, ...≈~~~~~~~~~~.........~.
~,,,..~~≈≈≈~~~~~~.......P....
~ .≈~~~≈≈≈.........#.......
.≈≈≈≈≈≈≈.........#....... ~ ~
.~≈~~~≈≈...........~~.... ,
[.≈≈≈≈~H............~..<# ,
...~~≈.E@...........§§.## ,
.....)...t...~~~~~~§....# ,
............~~~~~~~~~.... ,
....~~..$...~~~~~P≈~~~...
,,,,
##.~~~.~....~~~....~~~~~.
...~~~......~........~~.~ ~ ~
..~~~~~......$.#¦#..~~~..
~~.......##..## ¦#.~~~~~ ~ ~
, * #...≈~~


You could see an alligator snapping turtle (slow), a manticore and a water
elemental.


Message History

* * * LOW HITPOINT WARNING * * *
Unknown command.
You slash the alligator snapping turtle!
The alligator snapping turtle seems to slow down.
You freeze the alligator snapping turtle.
The alligator snapping turtle is almost dead.
You barely miss the manticore. You hit the water elemental.
You freeze the water elemental.
* * * LOW HITPOINT WARNING * * *
Your lungs strain for air!
The manticore bites you.
* * * LOW HITPOINT WARNING * * *
The manticore claws you but does no damage.
The manticore claws you.
* * * LOW HITPOINT WARNING * * *
The water elemental barely misses you.
Unknown command.
Unknown command.
Okay, then.
You cannot read scrolls while unable to breathe!
Unknown command.
You feel better.
* * * LOW HITPOINT WARNING * * *
Your lungs strain for air!
You carefully extract the barbed spikes from your body.
The manticore misses you.
The manticore claws you but does no damage.
The manticore barely misses you. The water elemental hits you.
The alligator snapping turtle bites you!!!
You die...

Skill      XL: |  1  2  3  4  5  6  7  8  9 10 11 12 13 14 15 |
---------------+----------------------------------------------+-----
Axes           | 4 5 6 10 11 | 11.5
Evocations     | 1 2 |  2.0
Dodging        | 3 |  3.0
Fighting       | 4 6 8 |  8.0
Stealth        | 4 |  4.0
Invocations    | 2 4 6 9 12 14 | 14.0
Armour         | 4 |  4.0
Spellcasting   | 3 4 6 7 |  7.0
Conjurations   | 3 6 8 10 | 10.0
Earth Magic    | 3 4 |  4.0
Shields        | 5 8 10 | 10.0
Transmutations | 3 |  3.7
Fire Magic     | 6 |  6.0
Ice Magic      | 3 11 14 | 14.0

Action                   |  1- 3 |  4- 6 |  7- 9 | 10-12 | 13-15 || total
-------------------------+-------+-------+-------+-------+-------++-------
Melee: Hand axe          |    12 |   150 |   318 |       |       ||   480
       Punch             |       |     2 |    10 |       |       ||    12
       War axe           |       |       |   115 |   493 |   476 ||  1084
Throw: Dart              |       |     8 |    53 |     6 |       ||    67
 Cast: Stone Arrow       |       |       |       |   130 |   140 ||   270
       Sticky Flame      |       |       |       |       |    83 ||    83
       Ozocubu's Refrige |       |       |       |       |     3 ||     3
Invok: Donate Gold       |       |     1 |       |       |       ||     1
       Recite            |       |       |     5 |    17 |     8 ||    30
       Vitalisation      |       |       |       |     1 |     1 ||     2
       Sanctuary         |       |       |       |       |     2 ||     2
Evoke: Wand              |     3 |     6 |    24 |    16 |    26 ||    75
  Use: Scroll            |     1 |       |     1 |    10 |    19 ||    31
       Potion            |     1 |       |     1 |     4 |     4 ||    10
 Stab: Sleeping          |       |       |     1 |       |     1 ||     2
       Confused          |       |       |     6 |     8 |       ||    14
       Paralysed         |       |       |     2 |    19 |     7 ||    28
       Invisible         |       |       |       |     6 |       ||     6
Armor: Leather armour    |     3 |    38 |    20 |       |       ||    61
       Scale mail        |       |       |   200 |       |       ||   200
       Swamp dragon scal |       |       |    28 |   316 |   419 ||   763
Dodge: Dodged            |     7 |    73 |   234 |   269 |   301 ||   884
Block: Buckler           |       |       |    21 |   125 |       ||   146
       Kite shield       |       |       |       |   112 |   567 ||   679

Levels and vault maps discovered:
D:1:      amcnicky_arrival_choice, layout_basic, ebering_ecumenical_altar_webs
D:2:      layout_basic, uniq_terence
D:3:      layout_loops_ring, mainiacjoe_overflow_catwalk, gammafunk_ghost_grave,
          serial_shops, nicolae_shop_advertising_works
          [nicolae_subvault_shop_adworks], minmay_fountain_box,
          hangedman_abyss_or_decor_lesser_grid
D:4:      minmay_general_purpose_star, layout_loops_ring,
          nicolae_overflow_squiral, portal_sewer_entry_a
D:5:      layout_rooms, serial_glass, glass_columns_b, glass_columns_b,
          dk_noncrumbling_3, uniq_blork_the_orc
D:6:      layout_basic
D:7:      layout_rooms, temple_hall, serial_glass, glass_columns_a,
          glass_columns_a, glass_columns_b, glass_columns_c, uniq_maggie
D:8:      layout_basic, lemuel_doored_altar, gammafunk_temple_overflow_statue,
          grunt_temple_overflow_open, uniq_erica, uniq_grum, uniq_prince_ribbit1
D:9:      layout_stronghold, grunt_temple_overflow_magic_moments,
          zombieorc2_lemuel, serial_shops, shop, uniq_amaemon
D:10:     layout_rooms, nzn_hepliaklqana_mist_gate, serial_bayou,
          serial_bayou_crossing, serial_bayou_lagoon_a, serial_bayou_pond_e,
          serial_bayou_shore_b, serial_bayou_shore_a, serial_bayou_pond_d
D:11:     layout_irregular_city, david_lair_shrubbed, kennysheep_another_room
Lair:1:   layout_chaotic_city, nicolae_quartered_pool_medium, uniq_gastronok
Lair:2:   layout_misc_corridors, hellmonk_spider_entry_not_the_bees,
          wad_woods_road_02, minivault_27, uniq_urug
Lair:3:   layout_gridlike, shoals_dummy_entry
Lair:4:   layout_concentric_octagons, lemuel_fruit_fields,
          infiniplex_staircase_pool, uniq_sonja, uniq_rupert
Lair:5:   gammafunk_lair_ancient_temple, layout_regular_city, slime_entry_2,
          grunt_megastairs_3, lemuel_fruit_fields, serial_bayou_shore_b
Shoals:1: layout_shoals, nicolae_shoals_siren_and_animal_friends,
          uniq_mlioglotl, uniq_kirke
Shoals:2: layout_shoals, serial_shops, nicolae_shop_hallway_plus
Orc:1:    layout_caves, gammafunk_ghost_grave
Orc:2:    grunt_orc_cross, layout_diamond_mine, nicolae_shop_self_help

Notes
Turn   | Place    | Note
-------+----------+-------------------------------------------
     0 | D:5      | browni3141 the Meteoran Delver began the quest for the Orb.
     0 | D:5      | Reached XP level 1. HP: 19/19 MP: 2/2
    21 | D:6      | Noticed an ice beast
    45 | D:5      | Noticed a necrophage
    67 | D:4      | Noticed an orc wizard
   148 | D:4      | Noticed an iguana
   152 | D:4      | Killed an iguana
   153 | D:4      | Reached skill level 4 in Axes
   153 | D:4      | Reached XP level 2. HP: 26/26 MP: 3/3
   153 | D:4      | Reached XP level 3. HP: 31/31 MP: 4/4
   165 | D:4      | Reached XP level 4. HP: 38/38 MP: 5/5
   174 | D:4      | Reached skill level 5 in Axes
   344 | D:4      | Found a glowing silver altar of Zin.
   345 | D:4      | Found a blossoming altar of Fedhas.
   366 | D:4      | Reached skill level 1 in Evocations
   366 | D:4      | Reached XP level 5. HP: 23/45 MP: 6/6
   381 | D:4      | Became a worshipper of Zin the Law-Giver
   457 | D:4      | Donated 3 gold pieces to Zin
   490 | D:4      | Found a glowing drain.
   499 | D:4      | Noticed a necrophage
   507 | D:4      | Reached skill level 3 in Dodging
   509 | D:4      | Killed a necrophage
   510 | D:4      | Reached skill level 4 in Fighting
   510 | D:4      | Reached skill level 4 in Stealth
   510 | D:4      | Reached skill level 2 in Evocations
   510 | D:4      | Reached skill level 2 in Invocations
   510 | D:4      | Reached XP level 6. HP: 41/52 MP: 6/8
   529 | D:4      | Reached skill level 3 in Invocations
   557 | Sewer    | Entered a sewer
   869 | Sewer    | Reached skill level 4 in Invocations
   869 | Sewer    | Reached XP level 7. HP: 21/59 MP: 9/11
   973 | Sewer    | Glimpsed the power of Zot.
   974 | Sewer    | Gained mutation: You are dopey. (Int -2) [potion of
                  | mutation]
   974 | Sewer    | Gained mutation: You occasionally lose the ability to drink
                  | potions when taking damage. [potion of mutation]
   974 | Sewer    | Gained mutation: Your skin changes colour to match your
                  | surroundings (Stealth+). [potion of mutation]
  1023 | Sewer    | Glimpsed the power of Zot.
  1149 | D:2      | Noticed Terence
  1173 | D:2      | Killed Terence
  1277 | D:1      | Found a faded altar of an unknown god.
  1303 | D:1      | Reached * piety under Zin
  1620 | D:1      | Reached skill level 6 in Axes
  1794 | D:2      | Reached ** piety under Zin
  1907 | D:1      | Learned a level 3 spell: Stone Arrow
  1954 | D:1      | Reached skill level 1 in Armour
  2165 | D:3      | Found a hide-covered altar of Uskayaw.
  2252 | D:3      | Reached skill level 2 in Armour
  2335 | D:3      | Found Qadwuosajo's Antique Armour Shoppe.
  2351 | D:3      | Reached skill level 3 in Armour
  2384 | D:3      | Found a runed translucent door.
  2384 | D:3      | Noticed nickcage's ghost (weakling MiGl)
  2833 | D:5      | Reached skill level 4 in Armour
  2833 | D:5      | Reached XP level 8. HP: 59/66 MP: 12/12
  2938 | D:5      | Reached *** piety under Zin
  3122 | D:6      | Reached skill level 1 in Spellcasting
  3122 | D:6      | Reached skill level 1 in Conjurations
  3122 | D:6      | Reached skill level 1 in Earth Magic
  3122 | D:6      | Reached skill level 5 in Invocations
  3278 | D:6      | Reached skill level 2 in Spellcasting
  3278 | D:6      | Reached skill level 2 in Conjurations
  3278 | D:6      | Reached skill level 2 in Earth Magic
  3491 | D:6      | Reached **** piety under Zin
  3505 | D:6      | Reached skill level 6 in Invocations
  3551 | D:7      | Noticed a wyvern
  3557 | D:7      | Killed a wyvern
  3558 | D:7      | Reached skill level 3 in Spellcasting
  3558 | D:7      | Reached skill level 3 in Conjurations
  3558 | D:7      | Reached skill level 3 in Earth Magic
  3558 | D:7      | Gained mutation: You passively map the area around you.
                  | [Meteoran growth]
  3558 | D:7      | Reached XP level 9. HP: 59/71 MP: 13/15
  3592 | D:7      | Reached skill level 4 in Conjurations
  3595 | D:7      | Reached skill level 4 in Spellcasting
  3595 | D:7      | Reached skill level 4 in Earth Magic
  3630 | D:7      | Noticed a komodo dragon
  3632 | D:7      | Noticed Maggie
  3636 | D:7      | Killed a komodo dragon
  3637 | D:7      | Reached skill level 4 in Shields
  3645 | D:7      | Killed Maggie
  3646 | D:7      | Reached skill level 5 in Shields
  3646 | D:7      | Reached skill level 5 in Conjurations
  3663 | D:7      | Reached skill level 6 in Conjurations
  3848 | D:7      | Reached XP level 10. HP: 36/80 MP: 17/17
  3855 | D:7      | Reached skill level 5 in Fighting
  3965 | D:7      | Found a staircase to the Ecumenical Temple.
  4060 | D:8      | Reached skill level 7 in Conjurations
  4148 | D:8      | Found a bloodstained altar of Trog.
  4192 | D:8      | Noticed Grum
  4229 | D:8      | Reached skill level 6 in Fighting
  4229 | D:8      | Killed Grum
  4230 | D:8      | Reached skill level 8 in Conjurations
  4233 | D:8      | Reached skill level 7 in Axes
  4287 | D:8      | Found an ornate altar of the Wu Jian Council.
  4288 | D:8      | Found an iron altar of Okawaru.
  4307 | D:8      | Found a shimmering altar of Xom.
  4308 | D:8      | Noticed Prince Ribbit
  4312 | D:8      | Reached skill level 8 in Axes
  4385 | D:8      | Found a snail-covered altar of Cheibriados.
  4388 | D:8      | Found a shadowy altar of Dithmenos.
  4394 | D:8      | Killed Prince Ribbit
  4405 | D:8      | Reached skill level 9 in Axes
  4538 | D:8      | Noticed Erica
  4549 | D:8      | Killed Erica
  4562 | D:8      | Reached skill level 10 in Axes
  4673 | D:8      | Reached XP level 11. HP: 82/89 MP: 11/18
  4808 | D:10     | Entered Level 10 of the Dungeon
  4902 | D:9      | Found Ufaos's Armour Emporium.
  4909 | D:9      | Bought a +1 cloak of preservation for 247 gold pieces
  4953 | D:9      | Noticed Amaemon
  4971 | D:9      | Killed Amaemon
  4973 | D:9      | Reached skill level 5 in Spellcasting
  5020 | D:9      | Reached skill level 7 in Fighting
  5020 | D:9      | Reached skill level 7 in Invocations
  5028 | D:9      | Reached ***** piety under Zin
  5055 | D:9      | Found a staircase to the Orcish Mines.
  5095 | D:9      | HP: 7/89 [shadow (5)]
  5097 | D:9      | HP: 1/90 [shadow (8)]
  5263 | D:9      | Reached skill level 9 in Conjurations
  5351 | Orc:1    | Entered Level 1 of the Orcish Mines
  5351 | Orc:1    | Noticed a cyclops
  5359 | Orc:1    | Reached skill level 6 in Spellcasting
  5375 | D:9      | Killed a cyclops
  5376 | D:9      | Reached skill level 8 in Invocations
  5468 | Orc:1    | Reached skill level 8 in Fighting
  5570 | Orc:2    | Entered Level 2 of the Orcish Mines
  5577 | Orc:2    | Found Cikh's Self-Improvement Boutique.
  5598 | Orc:2    | Reached skill level 10 in Conjurations
  5744 | Orc:2    | Reached skill level 9 in Invocations
  5764 | Orc:2    | Reached XP level 12. HP: 60/101 MP: 18/22
  5782 | Orc:2    | Noticed an orc knight
  5795 | Orc:2    | Noticed an orc knight
  5800 | Orc:2    | Killed an orc knight
  5869 | Orc:2    | Noticed an orc knight
  5943 | D:9      | Learned a level 5 spell: Irradiate
  6036 | D:10     | Reached skill level 1 in Transmutations
  6036 | D:10     | Reached skill level 10 in Invocations
  6048 | D:10     | Reached skill level 2 in Transmutations
  6218 | D:10     | Reached skill level 3 in Transmutations
  6646 | D:11     | Found a staircase to the Lair.
  6666 | D:11     | Reached skill level 11 in Invocations
  6695 | D:11     | Noticed a five-headed hydra
  6703 | D:11     | Killed a five-headed hydra
  6704 | D:11     | Reached skill level 6 in Shields
  6979 | Lair:1   | Entered Level 1 of the Lair of Beasts
  7056 | Lair:1   | Reached skill level 7 in Shields
  7058 | Lair:1   | Reached skill level 12 in Invocations
  7203 | Lair:1   | Reached skill level 8 in Shields
  7226 | Lair:1   | Reached XP level 13. HP: 90/107 MP: 10/23
  7270 | Lair:1   | Reached ****** piety under Zin
  7296 | Lair:1   | Noticed Gastronok
  7350 | Lair:1   | Killed Gastronok
  7351 | Lair:1   | Reached skill level 13 in Invocations
  7399 | Lair:1   | Lost mutation: You occasionally lose the ability to drink
                  | potions when taking damage. [potion of mutation]
  7399 | Lair:1   | Lost mutation: You are dopey. (Int -2) [potion of mutation]
  7458 | Lair:1   | Glimpsed the power of Zot.
  7489 | Lair:2   | Learned a level 4 spell: Sticky Flame
  7499 | Lair:2   | Reached skill level 9 in Shields
  7512 | Lair:2   | Reached skill level 1 in Fire Magic
  7606 | Lair:2   | Reached skill level 2 in Fire Magic
  7608 | Lair:2   | Noticed Urug
  7618 | Lair:2   | Killed Urug
  7656 | Lair:2   | Reached skill level 3 in Fire Magic
  7709 | Lair:2   | Reached skill level 14 in Invocations
  7724 | Lair:2   | Found a hole to the Spider Nest.
  7732 | Lair:3   | Noticed an eight-headed hydra
  7758 | Lair:3   | Killed an eight-headed hydra
  7759 | Lair:3   | Reached skill level 10 in Shields
  7759 | Lair:3   | Reached skill level 4 in Fire Magic
  7763 | Lair:3   | Reached skill level 5 in Fire Magic
  7778 | Lair:3   | Reached skill level 7 in Spellcasting
  7801 | Lair:3   | Reached skill level 6 in Fire Magic
  7932 | Lair:3   | Reached skill level 11 in Axes
  7954 | Lair:3   | Learned a level 7 spell: Ozocubu's Refrigeration
  7999 | Lair:2   | Reached skill level 1 in Ice Magic
  8059 | Lair:2   | Reached skill level 2 in Ice Magic
  8103 | Lair:4   | Noticed Rupert
  8270 | Lair:3   | Reached skill level 3 in Ice Magic
  8270 | Lair:3   | Reached XP level 14. HP: 67/115 MP: 10/25
  8271 | Lair:3   | Found a staircase to the Shoals.
  8413 | Lair:1   | Reached skill level 4 in Ice Magic
  8480 | Lair:2   | Reached skill level 5 in Ice Magic
  8497 | Lair:2   | You fall into a shaft and drop 1 floor!
  8588 | Lair:4   | Reached skill level 6 in Ice Magic
  8596 | Lair:4   | Killed Rupert
  8600 | Lair:4   | Reached skill level 7 in Ice Magic
  8601 | Lair:4   | HP: 9/115 [poisoned by a black mamba]
  8603 | Lair:4   | HP: 4/115 [poisoned by a black mamba]
  8762 | Lair:5   | Entered Level 5 of the Lair of Beasts
  8765 | Lair:5   | Reached skill level 8 in Ice Magic
  8809 | Lair:5   | Reached skill level 9 in Ice Magic
  8891 | Lair:5   | Noticed a dire elephant
  8911 | Lair:5   | HP: 5/115 [elephant (10)]
  8935 | Lair:5   | Reached skill level 10 in Ice Magic
  9143 | Lair:5   | Reached skill level 11 in Ice Magic
  9208 | Lair:5   | Identified the +6 trident of a Hundred Servitors {vamp,
                  | *Rage Dex+6}
  9257 | Lair:5   | Reached XP level 15. HP: 84/121 MP: 1/26
  9338 | Shoals:1 | Entered Level 1 of the Shoals
  9367 | Shoals:1 | Reached skill level 12 in Ice Magic
  9450 | Shoals:1 | Noticed Kirke
  9451 | Shoals:1 | Noticed Mlioglotl
  9483 | Shoals:1 | Noticed a sphinx
  9486 | Shoals:1 | Killed Kirke
  9487 | Shoals:1 | HP: 8/121 [manticore (14)]
  9488 | Shoals:1 | Killed Mlioglotl
  9489 | Shoals:1 | Reached skill level 13 in Ice Magic
  9524 | Lair:4   | Noticed Sonja
  9539 | Lair:4   | Killed Sonja
  9696 | Shoals:2 | HP: 12/121 [merfolk/+0 trident[a merfolk aquamancer] (3)]
  9743 | Shoals:1 | Noticed a kraken
  9921 | Shoals:1 | Reached skill level 14 in Ice Magic
  9935 | Shoals:1 | HP: 11/121 [drowned by a water elemental[a merfolk
                  | aquamancer] (7)]
  9935 | Shoals:1 | HP: 2/121 [manticore (5)]
  9936 | Shoals:1 | Annihilated by an alligator snapping turtle

Vanquished Creatures
  Rupert (Lair:4)
  Mlioglotl (Shoals:1)
  Gastronok (Lair:1)
  Kirke (Shoals:1)
  3 hydras
  2 centaur warriors (Shoals:1)
  A merfolk avatar (Shoals:1)
  Erica (D:8)
  Sonja (Lair:4)
  Urug (Lair:2)
  Amaemon (D:9)
  3 sea snakes
  An orc knight (Orc:2)
  2 harpies (Lair:5)
  A cyclops (D:9)
  3 manticores
  A faun (Shoals:1)
  4 black mambas
  A merfolk siren (Shoals:2)
  24 elephants
  2 water nymphs (Shoals:1)
  Maggie (D:7)
  12 cane toads
  2 rime drakes
  11 komodo dragons
  A meliai (Lair:2)
  3 merfolk (Shoals:1)
  A hornet (Lair:5)
  2 trolls
  3 polar bears
  2 wind drakes (Lair:5)
  Prince Ribbit (D:8)
  3 dream sheep (Shoals:1)
  7 blink frogs
  A water elemental (Shoals:2)
  4 shadows
  38 yaks
  4 basilisks
  A vampire (D:10)
  9 wyverns
  4 hogs (Shoals:1)
  3 steam dragons
  Grum (D:8)
  A warg (Orc:2)
  4 water moccasins
  An acid dragon (D:9)
  3 black bears
  An ice beast (D:6)
  14 orc warriors
  A sky beast (D:7)
  4 ogres
  9 centaurs
  7 wolves
  A phantom (D:7)
  5 bullfrogs
  A kobold brigand (Sewer)
  2 gnoll sergeants
  2 necrophages
  4 scorpions
  9 wights
  A troll zombie (D:9)
  10 killer bees
  3 electric eels
  A gnoll bouda (D:7)
  10 orc priests
  2 hounds
  4 iguanas
  11 orc wizards
  Terence (D:2)
  6 ogre zombies (D:9)
  13 gnolls
  7 adders
  A river rat (D:4)
  A white imp (D:7)
  An ufetubus (D:5)
  4 worms
  2 dart slugs
  34 orcs
  11 ball pythons
  10 endoplasms
  3 giant cockroaches
  6 goblins
  8 hobgoblins
  15 kobolds
  4 quokkas
  6 bats
  6 frilled lizards
  A goblin skeleton (D:9)
  A goblin zombie (D:9)
  2 hobgoblin skeletons (D:9)
  A hobgoblin zombie (D:9)
  3 orc skeletons (D:9)
  16 orc zombies (D:9)
  14 rats
  A butterfly (Lair:4)
459 creatures vanquished.

Vanquished Creatures (others)
  An orange demon (D:9)
  2 humans (Shoals:1)
  26 fungi
  123 plants
  4 tentacles (Shoals:1)
  2 withered plants (D:3)
158 creatures vanquished.

Grand Total: 617 creatures vanquished

Table legend: (Time is in decaauts)
 A = Elapsed time spent in this place.
 B = Non-inter-level travel time spent in this place.
 C = Inter-level travel time spent in this place.
 D = Time resting spent in this place.
 E = Time spent auto-exploring this place.
 F = Levels seen in this place.
 G = Mean time per level.
                   A        B        C        D        E       F      G
               +--------+--------+--------+--------+--------+-----+--------+
         Total |  10184 |   9625 |    559 |    221 |      4 |  21 |  485.0 |
       Dungeon |   6038 |   5585 |    453 |    110 |      4 |  11 |  548.9 |
          Lair |   2554 |   2460 |     94 |     10 |      0 |   5 |  510.8 |
        Shoals |    509 |    509 |      0 |     27 |      0 |   2 |  254.5 |
  Orcish Mines |    511 |    500 |     11 |      0 |      0 |   2 |  255.5 |
         Sewer |    570 |    570 |      0 |     74 |      0 |   1 |  570.0 |
               +--------+--------+--------+--------+--------+-----+--------+

Top non-repeatable levels by time:
     D:4: 797 daAuts
     D:8: 763 daAuts
     D:9: 705 daAuts
  Lair:3: 671 daAuts
    D:11: 644 daAuts
   Sewer: 570 daAuts
  Lair:1: 538 daAuts
     D:1: 515 daAuts
     D:2: 502 daAuts
  Lair:4: 493 daAuts
Shoals:1: 479 daAuts
     D:6: 468 daAuts
     D:7: 464 daAuts
  Lair:2: 462 daAuts
     D:3: 439 daAuts

Table legend:
 A = Non-vault XP
 B = Vault XP
 C = Vault XP percentage of total XP
 D = Non-vault monster count
 E = Vault monster count
 F = Vault count percentage of total count
                 A         B        C        D         E       F
            +---------+---------+-------+---------+---------+-------
      Total |   51445 |   25163 |  32.8 |     340 |     117 |  25.6
            +---------+---------+-------+---------+---------+-------
        D:1 |      41 |       0 |   0.0 |      24 |       0 |   0.0
        D:2 |      35 |      32 |  47.8 |      11 |       1 |   8.3
        D:3 |     204 |       0 |   0.0 |      21 |       0 |   0.0
        D:4 |     304 |      48 |  13.6 |      25 |       9 |  26.5
        D:5 |     150 |       0 |   0.0 |       7 |       0 |   0.0
        D:6 |     620 |       0 |   0.0 |      11 |       0 |   0.0
        D:7 |    1588 |     409 |  20.5 |      23 |       1 |   4.2
        D:8 |    1558 |    1460 |  48.4 |      21 |       7 |  25.0
        D:9 |    2271 |    1873 |  45.2 |      19 |      36 |  65.5
       D:10 |    2225 |       0 |   0.0 |      12 |       0 |   0.0
       D:11 |    2373 |     372 |  13.6 |      15 |       1 |   6.2
     Lair:1 |    4983 |    1529 |  23.5 |      19 |       2 |   9.5
     Lair:2 |    7093 |    1749 |  19.8 |      22 |       5 |  18.5
     Lair:3 |    8005 |     122 |   1.5 |      23 |       2 |   8.0
     Lair:4 |    7821 |    2619 |  25.1 |      29 |       2 |   6.5
     Lair:5 |    3550 |    8217 |  69.8 |      11 |      19 |  63.3
   Shoals:1 |    5890 |    5728 |  49.3 |      13 |       9 |  40.9
   Shoals:2 |     677 |       0 |   0.0 |       2 |       0 |   0.0
      Orc:1 |     805 |       0 |   0.0 |      16 |       0 |   0.0
      Orc:2 |    1252 |     879 |  41.2 |      16 |       3 |  15.8
      Sewer |       0 |     126 | 100.0 |       0 |      20 | 100.0
            +---------+---------+-------+---------+---------+-------
